 Dungeon Crawl Stone Soup version 0.21.1-1-g345015f (webtiles) character file.

4 letownia2 the Magician (level 1, 8/13 HPs)
             Began as a Merfolk Wizard on Mar 18, 2018.
             Quit the game on level 2 of the Dungeon.
             The game lasted 00:01:15 (279 turns).

letownia2 the Magician (Merfolk Wizard)              Turns: 279, Time: 00:01:15

Health: 8/13       AC:  2    Str:  7    XL:     1   Next: 70%
Magic:  1/4        EV: 13    Int: 17    God:
Gold:   48         SH:  0    Dex: 12    Spells: 5/6 levels left

rFire    . . .     SeeInvis .   m - -3 spear (curse)
rCold    . . .     Gourm    .   (no shield)
rNeg     . . .     Faith    .   a - +0 robe
rPois    .         Spirit   .   b - +0 hat
rElec    .         Reflect  .   (no cloak)
rCorr    .         Harm     .   (no gloves)
MR       .....                  (no boots)
Stlth    ++........             (no amulet)
HPRegen  0.04/turn              (no ring)
MPRegen  0.09/turn              (no ring)

@: very slightly contaminated
A: change form in water, swift swim, stealthy swim
a: no special abilities


You were on level 2 of the Dungeon.
You were not hungry.

You visited 1 branch of the dungeon, and saw 4 of its levels.

You collected 48 gold pieces.

Inventory:

Hand Weapons
 j - a +0 hunting sling
 m - a cursed -3 spear (weapon)
Missiles
 l - 23 stones (quivered)
Armour
 a - a +0 robe (worn)
 b - a +0 hat (worn)
Scrolls
 e - 3 scrolls of identify {unknown}
 f - a scroll of teleportation {unknown}
 g - a scroll of fog {unknown}
 h - 2 scrolls of fear {unknown}
 k - a scroll of amnesia {unknown}
Potions
 i - a potion of haste {unknown}
Books
 c - a book of Minor Magic

   Spells                             Type                      Level
   a - Magic Dart                     Conjuration                  1
   b - Blink                          Translocation                2
   c - Call Imp                       Summoning                    2
   d - Slow                           Hexes                        2
   e - Conjure Flame                  Conjuration/Fire             3
   f - Mephitic Cloud                 Conjuration/Poison/Air       3
Comestibles
 d - 4 rations


   Skills:
 - Level 2.6 Dodging
 - Level 2.1 Stealth
 - Level 3.0 Spellcasting
 + Level 1.3 Conjurations
   Level 1.0 Summonings
   Level 0.7 Translocations


You had 5 spell levels left.
You knew the following spells:

 Your Spells              Type           Power        Failure   Level  Hunger
a - Magic Dart            Conj           #...         10%         1    None


Dungeon Overview and Level Annotations

Branches:
Dungeon (4/15)
 Temple: D:4-7

Altars:


Message History

You barely miss the giant cockroach.
The giant cockroach is heavily wounded.
The giant cockroach closely misses you.
You barely miss the giant cockroach.
The giant cockroach is heavily wounded.
The giant cockroach closely misses you.
You closely miss the giant cockroach.
The giant cockroach is heavily wounded.
The giant cockroach completely misses you.
The giant cockroach closely misses you.
You barely miss the giant cockroach.
The giant cockroach is heavily wounded.
The giant cockroach closely misses you.
Are you sure you want to abandon this character and quit the game? (Confirm with "yes".)
Okay, then.
You aren't carrying any pieces of jewellery.
Unknown command.
Are you sure you want to abandon this character and quit the game? (Confirm with "yes".)
Okay, then.
Are you sure you want to abandon this character and quit the game? (Confirm with "yes".)

#............<.......
#.#.##.####.###.#.###
#.#.....###.....# #
#.#.........#####.#
#.....(.....#####.####
###.#<................
#.#.................
####.#+#..##...s.......
##..........#...@.......
#.........#.#.......####
#....###..#.........#
##..## #..##.######.#
♣P.P.♣ #..##.. .# ♣♣P..♣
#..###.# # ♣♣.♣♣ #..# .#
♣♣. #..# ♣♣ ##.#


You could see a giant cockroach.

Vanquished Creatures
  A leopard gecko (D:3)
  A bat (D:3)
  A frilled lizard (D:3)
  A kobold (D:2)
  A rat (D:3)
5 creatures vanquished.

Notes
Turn   | Place    | Note
-------+----------+-------------------------------------------
     0 | D:1      | letownia2 the Merfolk Wizard began the quest for the Orb.
     0 | D:1      | Reached XP level 1. HP: 13/13 MP: 4/4
     0 | D:1      | You fall through a shaft!
    68 | D:2      | You fall through a shaft!
    70 | D:3      | Reached skill level 1 in Conjurations
   279 | D:2      | Quit the game

Skill      XL: |  1 |
---------------+----+-----
Conjurations   | 1 |  1.3
Dodging        | |  2.6
Stealth        | |  2.1
Spellcasting   | |  3.0
Summonings     | |  1.0
Translocations | |  0.7

Action                   || total
-------------------------++-------
Melee: Spear             ||     9
       Unarmed           ||     3
 Cast: Magic Dart        ||    14
Dodge: Dodged            ||    20
